 Dungeon Crawl Stone Soup version 0.21.1-1-g345015f (webtiles) character file.

24 Monsterracer the Ruffian (level 2, 0/23 HPs)
             Began as a Draconian Transmuter on Feb 13, 2018.
             Slain by a gnoll
             ... wielding a +0 spear
              (8 damage)
             ... on level 1 of the Dungeon.
             The game lasted 00:00:54 (889 turns).

Monsterracer the Ruffian (Draconian Transmuter)      Turns: 889, Time: 00:00:54

Health: 0/23       AC:  4    Str: 12    XL:     2   Next: 79%
Magic:  4/5        EV: 12    Int: 13    God:
Gold:   103        SH:  0    Dex: 11    Spells: 4/5 levels left

rFire    . . .     SeeInvis .     - Unarmed
rCold    . . .     Gourm    .   (no shield)
rNeg     . . .     Faith    .   (armour unavailable)
rPois    .         Spirit   .   (helmet restricted)
rElec    .         Reflect  .   (no cloak)
rCorr    .         Harm     .   (no gloves)
MR       +....                  (no boots)
Stlth    +.........             (no amulet)
HPRegen  0.07/turn              f - ring of protection from magic {!d}
MPRegen  0.09/turn              (no ring)

@: appendage
A: unfitting armour, horns 2, cold-blooded, AC +4
a: End Transformation


You were on level 1 of the Dungeon.
You were not hungry.
You had grown temporary horns.
You visited 1 branch of the dungeon, and saw 1 of its levels.

You collected 103 gold pieces.

Inventory:

Missiles
 a - 12 arrows
Jewellery
 f - a ring of protection from magic (left hand) {!d}
 h - an uncursed ring of wizardry {unknown}
Potions
 d - a potion of cancellation {unknown}
 e - a potion of curing {unknown}
 g - a potion of flight {unknown}
Books
 b - a book of Changes

   Spells                             Type                      Level
   a - Beastly Appendage              Transmutation                1
   b - Sticks to Snakes               Transmutation                2
   c - Spider Form                    Transmutation/Poison         3
   d - Ice Form                       Ice/Transmutation            4
   e - Blade Hands                    Transmutation                5
Comestibles
 c - 5 rations


   Skills:
 - Level 1.1 Fighting
 - Level 1.7 Dodging
 + Level 3.5 Unarmed Combat
 - Level 2.0 Spellcasting
 + Level 2.7 Transmutations


You had 4 spell levels left.
You knew the following spells:

 Your Spells              Type           Power        Failure   Level  Hunger
a - Beastly Appendage     Tmut           #.....       9%          1    ##.....


Dungeon Overview and Level Annotations

Branches:
Dungeon (1/15)

Altars:


Innate Abilities, Weirdness & Mutations

Your plain brown scales are hard. (AC +4)
You cannot fit into any form of body armour.
You are cold-blooded and may be slowed by cold attacks.
You have a pair of horns on your head.


Message History

You closely miss the frilled lizard.
Your tail-slap misses the frilled lizard.
The frilled lizard closely misses you.
There are monsters nearby!
You hit the frilled lizard.
You kill the frilled lizard!
You hit the giant cockroach.
The giant cockroach is moderately wounded.
The giant cockroach barely misses you. The giant cockroach closely misses you.
A giant cockroach is nearby!
You hit the giant cockroach.
The giant cockroach is severely wounded.
The giant cockroach misses you.
You hit the giant cockroach but do no damage.
The giant cockroach is severely wounded.
The giant cockroach bites you.
You take 1 damage, and have 18/23 hp.
A giant cockroach is nearby!
You closely miss the giant cockroach.
The giant cockroach is severely wounded.
The giant cockroach bites you.
You take 1 damage, and have 17/23 hp.
A giant cockroach is nearby!
A giant cockroach is nearby!
A giant cockroach is nearby!
You are too injured to fight recklessly!
You are too injured to fight recklessly!
You are too injured to fight recklessly!
Unknown command.
You barely miss the giant cockroach.
You kill the giant cockroach!
You see here a club.
An ooze comes into view.
Found 9 gold pieces.
Health restored: 23 An ooze is nearby!
An ooze is nearby!
A giant cockroach comes into view.
Found a ration and 15 sling bullets.
You hit the giant cockroach but do no damage.
The ooze quivers.
The giant cockroach bites you but does no damage.
You barely miss the giant cockroach. The giant cockroach bites you.
You take 1 damage, and have 22/23 hp.
You hit the giant cockroach.
The giant cockroach is heavily wounded.
The ooze barely misses you.
The giant cockroach bites you but does no damage.
You hit the giant cockroach.
You kill the giant cockroach!
The ooze hits you.
You take 1 damage, and have 21/23 hp.
You hit the ooze.
The ooze is moderately wounded.
The ooze misses you.
You hit the ooze.
The ooze is heavily wounded.
The ooze hits you.
You take 2 damage, and have 19/23 hp.
You hit the ooze.
The ooze is almost dead.
The ooze hits you.
You take 4 damage, and have 15/23 hp.
You hit the ooze.
You kill the ooze!
You are too injured to fight recklessly!
You are too injured to fight recklessly!
You now have 103 gold pieces (gained 9).
Key pressed, stopping explore.
c - 5 rations (gained 1)
Found a stone staircase leading down.
Health restored: 23 A gnoll comes into view.
It is wielding a spear.
A gnoll is nearby!
A gnoll is nearby!
A gnoll is nearby!
Casting: Beastly Appendage
Confirm with . or Enter, or press ? or * to list all spells.
Okay, then.
Casting: Beastly Appendage
Confirm with . or Enter, or press ? or * to list all spells.
You grow a pair of large bovine horns.
The gnoll shouts!
You now have 4/5 mp.
The gnoll hits you with a spear!
You take 9 damage, and have 14/23 hp.
MASSIVE DAMAGE!!
You are too injured to fight recklessly!
You are too injured to fight recklessly!
You barely miss the gnoll. You tail-slap the gnoll.
The gnoll is moderately wounded.
The gnoll hits you with a spear!
* * * LOW HITPOINT WARNING * * *
You take 7 damage, and have 7/23 hp.
MASSIVE DAMAGE!!
You hit the gnoll.
The gnoll is heavily wounded.
The gnoll hits you but does no damage.
You hit the gnoll.
The gnoll is heavily wounded.
The gnoll hits you with a spear!
You die...

#.# #.. ... #.#
#.### #.# #.#..
#.# #.#.###### #.#
#.#...@g.# #.#
#.#..###.#
#.#####.#..#.# #
#####.#.....#..#.#
.......>.........#
###.##############
...........
.......####
.......#


You could see a gnoll.

Vanquished Creatures
  An ooze (D:1)
  A dart slug (D:1)
  2 giant cockroaches (D:1)
  A goblin (D:1)
  2 hobgoblins (D:1)
  3 bats (D:1)
  4 frilled lizards (D:1)
  4 kobolds (D:1)
18 creatures vanquished.

Notes
Turn   | Place    | Note
-------+----------+-------------------------------------------
     0 | D:1      | Monsterracer the Draconian Transmuter began the quest for the Orb.
     0 | D:1      | Reached XP level 1. HP: 16/16 MP: 3/3
   184 | D:1      | Reached XP level 2. HP: 21/23 MP: 5/5
   887 | D:1      | HP: 7/23 [gnoll/spear (7)]
   889 | D:1      | Slain by a gnoll

Action                   || total
-------------------------++-------
Melee: Unarmed           ||    67
       Tailslap          ||     5
 Cast: Beastly Appendage ||     1
Armor: Skin              ||    20
Dodge: Dodged            ||    40

Vault maps used:
D:1:      giann_bridges
